 Dungeon Crawl Stone Soup version 0.28.0-49-g6dfe1f597d (webtiles) character file.

Game seed: 15539425329738146551

95 issech the Magician (level 4, -3/38 HPs)
             Began as a Gnoll Wanderer on May 20, 2022.
             Killed by divine providence
             ... invoked by an orc priest
              (15 damage)
             ... on level 3 of the Dungeon.
             The game lasted 00:04:42 (1747 turns).

issech the Magician (Gnoll Wanderer)                Turns: 1747, Time: 00:04:42

Health: -3/38      AC:  3    Str: 13    XL:     4   Next: 65%
Magic:  11/11      EV: 11    Int:  9    God:
Gold:   49         SH:  0    Dex: 14    Spells: 12/13 levels left

rFire   . . .      SeeInvis +   a - +2 hunting sling
rCold   . . .      Faith    .   (no shield)
rNeg    . . .      Spirit   .   e - +0 leather armour
rPois   .          Reflect  .   (no helmet)
rElec   .          Harm     .   (no cloak)
rCorr   .          Rampage  .   (no gloves)
Will    .....                   (no boots)
Stlth   +.........              (no amulet)
HPRegen 0.12/turn               i - ring of see invisible
MPRegen 0.12/turn               (no ring)

@: confused
A: fangs 1, strong nose, distributed training
a: no special abilities


You were on level 3 of the Dungeon.
You visited 1 branch of the dungeon, and saw 3 of its levels.

You collected 49 gold pieces.

Inventory:

Hand Weapons
 a - a +2 hunting sling (weapon)
 d - a +0 dagger
 g - a +0 war axe
 o - a +0 spear
 u - a +0 whip
 v - a +0 flail
Missiles
 b - 6 sling bullets (quivered ammo)
 c - 18 poisoned darts
 f - 90 stones
 j - 4 atropa-tipped darts
 l - 27 arrows
 q - 25 bolts
Armour
 e - a +0 leather armour (worn)
Magical Staves
 m - a staff of air
Jewellery
 i - a ring of see invisible (left hand)
 n - a ring of see invisible
Scrolls
 h - 2 scrolls of teleportation {unknown}
 k - a scroll of fog {unknown}
 p - a scroll of torment {unknown}
Potions
 r - a potion of invisibility {unknown}
 s - a potion of berserk rage {unknown}
 t - a potion of attraction {unknown}


   Skills:
 + Level 4.6 Fighting
 + Level 1.2 Short Blades
 + Level 1.2 Long Blades
 + Level 1.2 Axes
 + Level 1.2 Maces & Flails
 + Level 1.2 Polearms
 + Level 1.2 Staves
 + Level 4.6 Slings
 + Level 1.2 Bows
 + Level 1.2 Crossbows
 + Level 4.6 Throwing
 + Level 1.2 Armour
 + Level 1.2 Dodging
 + Level 1.2 Stealth
 + Level 1.2 Shields
 + Level 1.2 Unarmed Combat
 + Level 5.1 Spellcasting
 + Level 1.0 Conjurations
 + Level 1.0 Hexes
 + Level 1.0 Summonings
 + Level 1.0 Necromancy
 + Level 1.0 Translocations
 + Level 1.0 Transmutations
 + Level 1.0 Fire Magic
 + Level 1.0 Ice Magic
 + Level 1.0 Air Magic
 + Level 1.0 Earth Magic
 + Level 2.2 Poison Magic
 + Level 1.3 Invocations
 + Level 2.8 Evocations


You had 12 spell levels left.
You knew the following spells:

 Your Spells              Type           Power      Damage    Failure   Level
a - Sting                 Tmut/Pois      20%        1d4       16%         1

Your spell library contained the following spells:

 Spells                   Type           Power      Damage    Failure   Level
 Mephitic Cloud           Conj/Pois/Air  4%         N/A       45%         3
 Animate Dead             Necr           2%         N/A       90%         4
 Haunt                    Necr/Summ      2%         N/A       100%        7
 Infestation              Necr           2%         N/A       100%        8


Dungeon Overview and Level Annotations

Branches:
Dungeon (3/15)

Altars:


Innate Abilities, Weirdness & Mutations

You have very sharp teeth.
Your uncanny sense of smell can sniff out nearby items.
Your experience applies equally to all skills.


Message History

You kill the orc wizard!
The orc barely misses you.
Your Conjurations skill increases to level 1!
Your Hexes skill increases to level 1!
Your Summonings skill increases to level 1!
Your Necromancy skill increases to level 1!
Your Translocations skill increases to level 1!
Your Transmutations skill increases to level 1!
Your Fire Magic skill increases to level 1!
Your Ice Magic skill increases to level 1!
Your Air Magic skill increases to level 1!
Your Earth Magic skill increases to level 1!
There is an open door here.
The orc priest looks encouraged for a moment.
There is a stone staircase leading up here.
You shoot a sling bullet. The sling bullet hits the orc!
You kill the orc!
b - 10 sling bullets (gained 1)
You see here a +0 flail.
v - a +0 flail The orc wizard hits you but does no damage.
You shoot a sling bullet.
The sling bullet hits the orc wizard but does no damage.
The orc wizard is lightly wounded.
The orc wizard hits you with a +0 dagger.
The orc priest invokes the aid of Beogh against you.
You barely resist. You shoot a sling bullet.
The sling bullet hits the orc wizard!
The orc wizard is severely wounded.
The orc wizard casts a spell at you.
You are confused.
You shoot a sling bullet. The sling bullet hits you.
The orc wizard hits you with a +0 dagger.
The orc priest hits you with a +0 dagger.
You shoot a sling bullet.
The sling bullet closely misses the orc priest.
The orc wizard hits you with a +0 dagger.
The orc priest mumbles some strange prayers to Beogh against you.
Beogh smites you!
You die...

#∆ ##### #.#####...
#..##.#...#.#######
...............>..#
.#.#.#o#.#.......#
#@#.#.......# #
#o#.#.......# .# ∆
#S..#.......####(#
#.###.###'###.(..#
#.....# #.##o.....
#####.# #.o.S.$^..
#.......#
####o..$..
#..####+# #(..... ∆
(......


You could see an orc priest, an orc wizard (invisible) and an adder.

Vanquished Creatures
  An orc wizard (D:3)
  2 adders (D:2)
  3 dart slugs
  2 orcs (D:3)
  9 endoplasms
  A giant cockroach (D:2)
  4 goblins
  A hobgoblin (D:2)
  4 kobolds
  A quokka (D:1)
  6 ball pythons
  A bat (D:1)
  A frilled lizard (D:1)
  5 rats
41 creatures vanquished.

Notes
Turn   | Place    | Note
-------+----------+-------------------------------------------
     0 | D:1      | issech the Gnoll Wanderer began the quest for the Orb.
     0 | D:1      | issech set off with the following items: a +2 hunting
                  | sling, 21 sling bullets, 13 poisoned darts, a +0 dagger, a
                  | +0 leather armour; and the following spell memorised:
                  | Sting; and the following spells available to memorise:
                  | Mephitic Cloud
     0 | D:1      | Reached XP level 1. HP: 20/20 MP: 6/6
    75 | D:1      | Reached XP level 2. HP: 26/26 MP: 7/7
   377 | D:1      | Found a faded altar of an unknown god.
  1061 | D:2      | Reached XP level 3. HP: 30/31 MP: 9/9
  1093 | D:2      | Reached skill level 5 in Spellcasting
  1099 | D:2      | Reached skill level 1 in Invocations
  1467 | D:2      | Reached skill level 1 in Short Blades
  1467 | D:2      | Reached skill level 1 in Long Blades
  1467 | D:2      | Reached skill level 1 in Axes
  1467 | D:2      | Reached skill level 1 in Maces & Flails
  1467 | D:2      | Reached skill level 1 in Polearms
  1467 | D:2      | Reached skill level 1 in Staves
  1467 | D:2      | Reached skill level 1 in Bows
  1467 | D:2      | Reached skill level 1 in Crossbows
  1467 | D:2      | Reached skill level 1 in Armour
  1467 | D:2      | Reached skill level 1 in Dodging
  1467 | D:2      | Reached skill level 1 in Stealth
  1467 | D:2      | Reached skill level 1 in Shields
  1467 | D:2      | Reached skill level 1 in Unarmed Combat
  1468 | D:2      | Reached XP level 4. HP: 36/38 MP: 11/11
  1726 | D:3      | Reached skill level 1 in Conjurations
  1726 | D:3      | Reached skill level 1 in Hexes
  1726 | D:3      | Reached skill level 1 in Summonings
  1726 | D:3      | Reached skill level 1 in Necromancy
  1726 | D:3      | Reached skill level 1 in Translocations
  1726 | D:3      | Reached skill level 1 in Transmutations
  1726 | D:3      | Reached skill level 1 in Fire Magic
  1726 | D:3      | Reached skill level 1 in Ice Magic
  1726 | D:3      | Reached skill level 1 in Air Magic
  1726 | D:3      | Reached skill level 1 in Earth Magic
  1747 | D:3      | Killed from afar by an orc priest

Illustrated notes

Levels and vault maps discovered:
D:1:      dpeg_arrival_arbitrary_a, layout_basic, basic_ecumenical_altar,
          minmay_crystal_room, hangedman_decor_opposing,
          chequers_serial_rivers_micro_a, nicolae_figureground_pulse
D:2:      layout_rooms, grunt_ministairs_4
D:3:      layout_basic

Skill      XL: |  1  2  3  4 |
---------------+-------------+-----
Poison Magic   | 2 |  2.2
Spellcasting   | 5 |  5.1
Invocations    | 1 |  1.3
Short Blades   | 1 |  1.2
Long Blades    | 1 |  1.2
Axes           | 1 |  1.2
Maces & Flails | 1 |  1.2
Polearms       | 1 |  1.2
Staves         | 1 |  1.2
Bows           | 1 |  1.2
Crossbows      | 1 |  1.2
Armour         | 1 |  1.2
Dodging        | 1 |  1.2
Stealth        | 1 |  1.2
Shields        | 1 |  1.2
Unarmed Combat | 1 |  1.2
Conjurations   | 1 |  1.0
Hexes          | 1 |  1.0
Summonings     | 1 |  1.0
Necromancy     | 1 |  1.0
Translocations | 1 |  1.0
Transmutations | 1 |  1.0
Fire Magic     | 1 |  1.0
Ice Magic      | 1 |  1.0
Air Magic      | 1 |  1.0
Earth Magic    | 1 |  1.0
Fighting       | |  4.6
Slings         | |  4.6
Throwing       | |  4.6
Evocations     | |  2.8

Action                   |  1- 3 |  4- 6 || total
-------------------------+-------+-------++-------
 Fire: Hunting sling     |    73 |    30 ||   103
Armor: Leather armour    |     6 |     2 ||     8
Dodge: Dodged            |    19 |     5 ||    24
